 Dungeon Crawl Stone Soup version 0.25.0-15-gac7dcb8919 (webtiles) character file.

Game seed: 6911261620370946787

1275 protoss039 the Thaumaturge (level 8, 0/41 HPs)
             Began as a Deep Elf Earth Elementalist on June 29, 2020.
             Was a Believer of Sif Muna.
             Shot with an arrow by a centaur (3 damage)
             ... on level 5 of the Dungeon.
             The game lasted 00:14:16 (4917 turns).

protoss039 the Thaumaturge (DEEE)                   Turns: 4917, Time: 00:14:17

Health: 0/41       AC:  5    Str:  5    XL:     8   Next: 28%
Magic:  14/24      EV: 13    Int: 23    God:    Sif Muna [**....]
Gold:   317        SH:  0    Dex: 15    Spells: 8/27 levels left

rFire    . . .     SeeInvis +   p - +0 short sword (flame)
rCold    . . .     Gourm    .   (no shield)
rNeg     . . .     Faith    .   c - +0 robe
rPois    +         Spirit   .   (no helmet)
rElec    .         Reflect  .   o - +0 cloak
rCorr    .         Harm     .   x - +0 pair of gloves
MR       .....                  f - +0 pair of boots
Stlth    ++........             (no amulet)
HPRegen  0.13/turn              m - ring of poison resistance
MPRegen  0.19/turn              q - ring of see invisible

@: no status effects
A: no striking features
a: Channel Magic, Renounce Religion


You were on level 5 of the Dungeon.
You worshipped Sif Muna.
Sif Muna was pleased with you.
You were not hungry.

You visited 1 branch of the dungeon, and saw 5 of its levels.

You collected 317 gold pieces.

Inventory:

Hand Weapons
 p - a +0 short sword of flaming (weapon)
Missiles
 b - 112 stones (quivered)
Armour
 c - a +0 robe (worn)
 f - a +0 pair of boots (worn)
 n - a +1 leather armour of positive energy
 o - a +0 cloak (worn)
 x - a +0 pair of gloves (worn)
Jewellery
 m - a ring of poison resistance (left hand)
 q - a ring of see invisible (right hand)
Scrolls
 a - 2 scrolls of teleportation
 g - a scroll of fog
 h - 2 scrolls of remove curse
 j - a scroll of random uselessness {unknown}
 k - a scroll of noise {unknown}
 l - a scroll of immolation {unknown}
 r - a scroll of enchant armour {unknown}
 v - a scroll of fear {unknown}
Potions
 e - a potion of might {unknown}
 i - 4 potions of curing
 s - a potion of brilliance {unknown}
 t - a potion of lignification {unknown}
 u - a potion of stabbing {unknown}
 w - a potion of mutation {unknown}
 z - a potion of haste {unknown}
Comestibles
 d - 8 rations
 A - 2 chunks of flesh


   Skills:
 - Level 2.4 Dodging
 - Level 2.4 Stealth
 * Level 10.0 Spellcasting
 - Level 1.1 Transmutations
 * Level 8.2 Earth Magic


You had 8 spell levels left.
You knew the following spells:

 Your Spells              Type           Power        Failure   Level  Hunger
a - Sandblast             Erth           #####.       1%          1    None
b - Passwall              Tmut/Erth      ####....     1%          2    None
c - Stone Arrow           Conj/Erth      ####..       3%          3    None
d - Petrify               Tmut/Erth      ####....     9%          4    #......
e - Lee's Rapid Deconstr  Erth           #####.....   5%          5    ####...
f - Airstrike             Air            ##........   50%         4    #......

Your spell library contained the following spells:

 Spells                   Type           Power        Failure   Level  Hunger
 Shock                    Conj/Air       ##..         5%          1    None
 Swiftness                Chrm/Air       ##......     9%          2    None
 Static Discharge         Conj/Air       ##......     17%         3    None
 Lightning Bolt           Conj/Air       ##........   83%         5    ####...


Dungeon Overview and Level Annotations

Branches:
Dungeon (5/15)
 Temple: D:4-7

Altars:
Ashenzari
Dithmenos
Gozag
Hepliaklqana
Makhleb
Sif Muna
Uskayaw
Vehumet
Wu Jian
Xom
Yredelemnul

Annotations:
D:3 1 exclusion


Message History

Aiming: Stone Arrow (dangerous; 3% risk of failure)
Press: ? - help, Shift-Dir - straight line, f - centaur
Aim: a centaur, quivering 11 arrows The stone arrow hits the centaur.
The centaur is moderately wounded.
The centaur wields a +0 shortbow.
The centaur shoots an arrow.
The arrow hits you!
* * * LOW HITPOINT WARNING * * *
Unknown command.
Casting: Stone Arrow (dangerous; 3% risk of failure)
Confirm with . or Enter, or press ? or * to list all spells.
Aiming: Stone Arrow (dangerous; 3% risk of failure)
Press: ? - help, Shift-Dir - straight line, f/p - centaur
Aim: a centaur, wielding a +0 shortbow and quivering 10 arrows (moderately wounded)
The stone arrow hits the centaur!
The centaur is heavily wounded.
The centaur shoots an arrow.
The arrow hits you!
* * * LOW HITPOINT WARNING * * *
The centaur shoots an arrow.
The arrow hits you.
You die...

.###. . .#.#
.# ##..##.#
≈####..$...
c.$cP....#
#### #.c(.#
..# ###(.# #.#
# #..#
#.###.####
#@.##
##........#
#...###...>..#
##....#.#.#..#
##.#.#.#.#..##
#.#...#.#...#
#.#.#.....#.#.
#!#.##........
..#.##..###.##
###[##..#


You could see a centaur.

Vanquished Creatures
  Pikel (D:4)
  2 slaves (D:4)
  A necrophage (D:4)
  A phantom (D:4)
  An ogre (D:4)
  3 hounds
  A bullfrog skeleton (D:4)
  3 orc priests
  An iguana (D:5)
  7 orc wizards
  8 adders
  2 oozes
  2 worms
  3 dart slugs
  3 leopard geckos
  12 orcs
  5 giant cockroaches
  5 goblins
  8 hobgoblins
  5 jackals
  9 kobolds
  2 ball pythons
  6 bats
  7 frilled lizards
  A leopard gecko zombie (D:5)
  4 rats
103 creatures vanquished.

Vanquished Creatures (others)
  A bush (D:5)
1 creature vanquished.

Grand Total: 104 creatures vanquished

Notes
Turn   | Place    | Note
-------+----------+-------------------------------------------
     0 | D:1      | protoss039 the Deep Elf Earth Elementalist began the quest
                  | for the Orb.
     0 | D:1      | Reached XP level 1. HP: 10/10 MP: 6/6
   184 | D:1      | Reached XP level 2. HP: 12/15 MP: 4/8
   917 | D:2      | Found a shimmering blue altar of Sif Muna.
   953 | D:2      | Found a shimmering altar of Xom.
   953 | D:2      | Found a burning altar of Makhleb.
  1001 | D:2      | Reached XP level 3. HP: 19/19 MP: 8/10
  1040 | D:2      | Became a worshipper of Sif Muna the Loreminder
  1096 | D:2      | Reached skill level 4 in Spellcasting
  1530 | D:2      | Reached XP level 4. HP: 24/24 MP: 9/12
  1534 | D:2      | Learned a level 2 spell: Passwall
  1538 | D:2      | Learned a level 3 spell: Stone Arrow
  1822 | D:3      | Reached skill level 5 in Earth Magic
  1845 | D:3      | Reached skill level 5 in Spellcasting
  2028 | D:3      | Reached * piety under Sif Muna
  2228 | D:3      | Reached XP level 5. HP: 28/28 MP: 10/14
  2230 | D:3      | Found a radiant altar of Vehumet.
  2326 | D:3      | Found a shattered altar of Ashenzari.
  2504 | D:3      | Found an opulent altar of Gozag.
  2720 | D:3      | Found a hazy altar of Hepliaklqana.
  2720 | D:3      | Found a shadowy altar of Dithmenos.
  2721 | D:3      | Found an ornate altar of the Wu Jian Council.
  3039 | D:4      | Noticed a slave
  3040 | D:4      | Noticed a slave
  3041 | D:4      | Noticed Pikel
  3042 | D:4      | Noticed a slave
  3044 | D:4      | Noticed a slave
  3053 | D:4      | Killed a slave
  3250 | D:4      | Reached skill level 6 in Spellcasting
  3346 | D:4      | Reached XP level 6. HP: 32/32 MP: 5/17
  3449 | D:4      | Found a basalt altar of Yredelemnul.
  3492 | D:4      | Found a hide-covered altar of Uskayaw.
  3604 | D:4      | Reached skill level 7 in Spellcasting
  3793 | D:4      | Killed a slave
  3804 | D:4      | Killed Pikel
  3804 | D:4      | Reached skill level 8 in Spellcasting
  3804 | D:4      | Reached XP level 7. HP: 30/36 MP: 6/21
  3923 | D:4      | Reached skill level 9 in Spellcasting
  4106 | D:4      | Reached XP level 8. HP: 41/41 MP: 6/23
  4238 | D:4      | Reached ** piety under Sif Muna
  4349 | D:5      | Entered Level 5 of the Dungeon
  4816 | D:5      | Learned a level 4 spell: Petrify
  4822 | D:5      | Learned a level 5 spell: Lee's Rapid Deconstruction
  4827 | D:5      | Learned a level 4 spell: Airstrike
  4901 | D:5      | Reached skill level 10 in Spellcasting
  4917 | D:5      | Shot with an arrow by a centaur

Illustrated notes

Levels and vault maps discovered:
D:1:      moated_graveyard_arrival, layout_basic
D:2:      layout_basic, gammafunk_temple_overflow_wave,
          overflow_temple_1_default
D:3:      layout_rooms, vehumet_crystals, nicolae_ashenzari_panopticon,
          grunt_gozag_breadcrumbs, gammafunk_temple_overflow_forgotten
D:4:      layout_loops_cross, nicolae_overflow_crystal_walls,
          lemuel_crystal_altar, uniq_pikel
D:5:      layout_loops_ring, first_ration, kb_lookout_dungeons_type

Skill      XL: |  1  2  3  4  5  6  7  8 |
---------------+-------------------------+-----
Earth Magic    | 4 5 7 8 |  8.2
Spellcasting   | 4 5 6 8 9 10 | 10.0
Dodging        | |  2.4
Stealth        | |  2.4
Transmutations | |  1.1

Action                   |  1- 3 |  4- 6 |  7- 9 || total
-------------------------+-------+-------+-------++-------
Melee: Short sword       |    18 |    13 |     1 ||    32
 Cast: Sandblast         |    32 |    55 |     2 ||    89
       Stone Arrow       |       |    33 |    40 ||    73
Invok: Channel Magic     |       |     1 |     1 ||     2
  Use: Scroll            |       |       |     5 ||     5
  Eat: Chunk             |     2 |     7 |     4 ||    13
Armor: Robe              |     6 |     5 |     1 ||    12
       Leather armour    |       |     6 |       ||     6
Dodge: Dodged            |    26 |    40 |     8 ||    74
